 Dungeon Crawl Stone Soup version 0.32-a0-616-g9348d4545b (webtiles) character file.

Game seed: 1062085488488726737

6865 jasper the Grappler (level 10, -1/79 HPs)
             Began as a Demonspawn Shapeshifter on Mar 5, 2024.
             Was an Elder of Okawaru.
             Slain by a slime creature (7 damage)
             ... on level 9 of the Dungeon.
             The game lasted 00:16:21 (9111 turns).

jasper the Grappler (Demonspawn Shapeshifter)       Turns: 9111, Time: 00:16:21

Health: -1/79      AC:  7    Str: 17    XL:     10   Next: 78%
Magic:  9/10       EV: 20    Int: 10    God:    Okawaru [****..]
Gold:   156        SH:  0    Dex: 17    Spells: 9/9 levels left

rFire   . .          .
                       - Unarmed
rCold   . . .        (shield currently unavailable)
rNeg    . . .        n - melded +2 robe {rN+}
rPois   .            (helmet restricted)
rElec   .            (no cloak)
rCorr   .            (no gloves)
SInv    .            C - +0 pair of boots
Will    .....        s - amulet of regeneration
Stlth   +            b - +4 ring of protection
HPRegen 1.13/turn    (no ring)
MPRegen 0.12/turn

%: no passive effects
@: mighty, flux-form, glowing
A: glow, contaminating, horns 1, slimy green scales 1, ignite blood 1, foul
shadow 2, agile 1
a: Begin Untransformation, Renounce Religion, Heroism, Finesse


You were on level 9 of the Dungeon.
You worshipped Okawaru.
Okawaru was greatly pleased with you.
You were something dangerously unstable.
You visited 2 branches of the dungeon, and saw 10 of its levels.
You visited the Abyss 1 time.

You collected 422 gold pieces.
You spent 266 gold pieces at shops.

Inventory:

Hand Weapons
 i - a +1 dagger of draining
 m - a +3 dagger of venom
Missiles
 r - 2 throwing nets
 u - 88 stones (quivered)
 z - 29 poisoned darts
 D - 6 datura-tipped darts
 E - 5 boomerangs
Armour
 a - a +0 animal skin
 g - a +2 helmet
 h - a +0 scale mail
 n - a +2 robe of positive energy (melded)
 q - a +0 helmet
 C - a +0 pair of boots (worn)
Jewellery
 b - a +4 ring of protection (left hand)
 k - an amulet of guardian spirit
 p - an amulet of faith
 s - an amulet of regeneration (around neck)
 v - a ring of magical power
 w - an amulet of reflection
 B - a ring of wizardry
Talismans
 c - a beast talisman
 d - a flux talisman (active)
Wands
 A - a wand of quicksilver (3)
 G - a wand of flame (24)
Scrolls
 e - 3 scrolls of identify
 f - a scroll of silence
 l - 6 scrolls of noise
 t - 2 scrolls of amnesia
 x - 2 scrolls of immolation
 y - 2 scrolls of teleportation
 F - a scroll of revelation {unknown}
Potions
 j - a potion of brilliance
 o - a potion of resistance


   Skills:
 + Level 7.4 Fighting
 + Level 7.0 Dodging
 - Level 10.0 Unarmed Combat
 - Level 7.0 Shapeshifting


You had 9 spell levels left.
You didn't know any spells.
Your spell library contained the following spells:

 Spells                   Type           Power      Damage    Failure   Level
 Apportation              Tloc           0%         N/A       36%         1
 Necrotise                Necr           0%         1d4       36%         1
 Sting                    Conj/Alch      0%         1d3       36%         1
 Cigotuvi's Dreadful Rot  Necr/Alch/Air  0%         N/A       50%         2
 Static Discharge         Conj/Air       0%         3-3/arc   50%         2
 Fugue of the Fallen      Necr           0%         N/A       75%         3
 Ozocubu's Armour         Ice            0%         N/A       75%         3
 Airstrike                Air            0%         2d(0-16)  98%         4
 Dispel Undead            Necr           0%         3d6       98%         4
 Ignite Poison            Fire/Alch      0%         N/A       98%         4
 Manifold Assault         Tloc           0%         N/A       98%         4
 Freezing Cloud           Conj/Ice/Air   0%         6-21      100%        5
 Summon Small Mammal      Summ           Unusable   N/A       N/A         1
 Martyr's Knell           Necr/Summ      Unusable   N/A       N/A         4
 Summon Lightning Spire   Summ/Air       Unusable   N/A       N/A         4
 Death Channel            Necr           Unusable   N/A       N/A         6

Dungeon Overview and Level Annotations

Branches:
Dungeon (9/15)             Temple (1/1) D:4
   Lair: D:8-11         Orc: D:9-12

Altars:
Ashenzari
Cheibriados
Dithmenos
Fedhas
Gozag
Hepliaklqana
Kikubaaqudgha
Makhleb
Okawaru
Qazlal
Ru
Sif Muna
Trog
Uskayaw
Vehumet
Wu Jian
Xom
Yredelemnul

Shops:
D:1 [==   D:5 =


Innate Abilities, Weirdness & Mutations

You are something dangerously unstable.
You glow with magical radiation, making you easy to see and hit.
Foes you strike become dangerously contaminated with magical radiation.
You are incapable of wielding weapons or throwing items.
You have a pair of small horns on your head.
You are partially covered in slimy green scales. (AC +2)
Your demonic aura sometimes causes spilled blood to erupt in flames.
You are shadowed, sometimes releasing foul flame when damaged in melee.
You are agile. (Dex +4, Str/Int -1)


Message History

You hear a shout!
You punch the tengu warrior!
The tengu warrior glows dangerously bright.
You headbutt the tengu warrior, but do no damage.
The tengu warrior is heavily wounded.
You hit the tengu warrior but do no damage.
The tengu warrior shudders as magic cascades through it!!
The tengu warrior twists and deforms.
The tengu warrior is almost dead.
The tengu warrior completely misses you. x2
The tengu warrior misses you.
The slime creature completely misses you.
You hit the tengu warrior but do no damage.
The tengu warrior begins to glow.
The tengu warrior is almost dead.
The slime creature stops glowing.
The tengu warrior hits you with a +0 great sword.
* * * LOW HITPOINT WARNING * * *
The tengu warrior barely misses you. The tengu warrior closely misses you.
The slime creature hits you!
* * * LOW HITPOINT WARNING * * *
You take 17 damage, and have 8/79 hp.
MASSIVE DAMAGE!!
You hit the tengu warrior.
The tengu warrior glows dangerously bright.
Your headbutt misses the tengu warrior.
The tengu warrior is almost dead.
The tengu warrior misses you. x2; The tengu warrior claws you.
* * * LOW HITPOINT WARNING * * *
The slime creature completely misses you.
You take 1 damage, and have 7/79 hp.
It was a potion of might.
You feel very mighty all of a sudden. The tengu warrior misses you.
The tengu warrior pecks you but does no damage.
The tengu warrior claws you.
* * * LOW HITPOINT WARNING * * *
The tengu warrior is seared by the foul flame within you!
The tengu warrior is almost dead.
The slime creature hits you!
You die...

### ########.....#
.... .............####
... ................
... ................
#.# #.# #........###
..## #.# #........#..
#.###.###........#..
#YJpQ............+..
#.cc###.###..##'##.#..
#...$# #.#
#..#...#.#.. ##.###
#.# #..#...#.### #.#
... #..#...#.... #.#
#.# #..#...#.### ..#
#.# ...#...#.# .# #.#
#..#...#.# #..#...#.#


You could see a slime creature, a tengu warrior (heavy contam, misshapen), a yak
and 2 centaurs.

Vanquished Creatures
  A glowing orange brain (Abyss:1)
  A smoke demon (Abyss:1)
  3 kobold demonologists (D:9)
  A troll (D:6)
  2 hornets
  A raiju (Abyss:1)
  Sigmund (D:2)
  A slime creature (D:9)
  A shadow (D:9)
  A yak (D:9)
  A vampire (D:9)
  A ynoxinul (Abyss:1)
  2 steam dragons (D:7)
  An orc warrior (D:8)
  3 ice beasts
  3 black bears
  An ogre (D:4)
  A centaur (D:9)
  6 kobold brigands
  A phantom (D:4)
  3 bullfrogs (D:7)
  A scorpion (D:5)
  9 wights
  10 killer bees
  2 howler monkeys
  3 bombardier beetles
  3 hounds (D:4)
  4 orc priests
  A sleepcap (D:6)
  A gnoll bouda (D:7)
  Jessica (D:2)
  2 orc wizards
  An iguana (D:6)
  Robin (D:3)
  11 adders
  11 gnolls
  A white imp (D:6)
  6 ufetubi
  6 dart slugs
  A ribbon worm (D:4)
  16 orcs
  8 ball pythons
  8 endoplasms
  7 giant cockroaches
  19 goblins
  8 hobgoblins
  7 jackals
  3 quokkas
  11 bats
  4 frilled lizards (D:2)
  15 kobolds
  5 rats
  A lurking horror (Abyss:1)
223 creatures vanquished.

Notes
Turn   | Place    | Note
-------+----------+-------------------------------------------
     0 | D:1      | jasper the Demonspawn Shapeshifter began the quest for the
                  | Orb.
     0 | D:1      | Reached XP level 1. HP: 15/15 MP: 1/1
   161 | D:1      | Found Quekk's Antique Armour Emporium.
   221 | D:1      | Gained mutation: You are faintly shadowed, very rarely
                  | releasing foul flame when damaged in melee. [demonic
                  | ancestry]
   221 | D:1      | Reached XP level 2. HP: 21/21 MP: 2/2
   513 | D:1      | Found Zouxteg's Jewellery Boutique.
   614 | D:1      | Found Giufixt's Jewellery Shop.
   962 | D:2      | Reached XP level 3. HP: 24/26 MP: 3/3
  1225 | D:2      | Noticed Jessica
  1235 | D:2      | Killed Jessica
  1236 | D:2      | Reached XP level 4. HP: 16/32 MP: 4/4
  1373 | D:2      | Found a faded altar of an unknown god.
  1380 | D:2      | Prayed at the altar of an unknown god.
  1380 | D:2      | Became a worshipper of Xom of Chaos
  1403 | D:2      | Noticed Sigmund
  1423 | D:2      | XOM: silly message
  1436 | D:2      | XOM: potion effect (brilliance)
  1439 | D:2      | Killed Sigmund
  1440 | D:2      | Reached skill level 5 in Shapeshifting
  1440 | D:2      | Reached XP level 5. HP: 17/37 MP: 3/5
  1592 | D:2      | Gained mutation: You are shadowed, sometimes releasing foul
                  | flame when damaged in melee. [demonic ancestry]
  1592 | D:2      | Reached XP level 6. HP: 40/43 MP: 6/6
  2397 | D:3      | Noticed Robin
  2411 | D:3      | Killed Robin
  3243 | D:4      | Found a staircase to the Ecumenical Temple.
  3249 | Temple   | Entered the Ecumenical Temple
  3258 | Temple   | Fell from the grace of Xom
  3258 | Temple   | Became a worshipper of Warmaster Okawaru
  3285 | D:4      | Gained mutation: You are partially covered in slimy green
                  | scales. (AC +2) [demonic ancestry]
  3285 | D:4      | Reached XP level 7. HP: 43/48 MP: 7/7
  3489 | D:4      | XOM: give mutations
  3489 | D:4      | Gained mutation: You have a pair of small horns on your
                  | head. [Xom's mischief]
  3489 | D:4      | Gained mutation: You expend magic power (3 MP) to
                  | strengthen your wands. [Xom's mischief]
  3626 | D:4      | XOM: summons 4 hostile demons
  3681 | D:4      | Found a burning altar of Makhleb.
  3688 | D:4      | Reached skill level 3 in Unarmed Combat
  4224 | D:4      | XOM: summons 1 hostile demon
  4319 | D:5      | Entered Level 5 of the Dungeon
  4425 | D:5      | Found an opulent altar of Gozag.
  4489 | D:5      | XOM: god gift: scroll of noise
  4654 | D:5      | Reached * piety under Okawaru
  4785 | D:5      | XOM: give mutations
  4785 | D:5      | Gained mutation: You are strong-willed. (Will+) [Xom's
                  | grace]
  4785 | D:5      | Gained mutation: Your flesh is cold resistant. (rC+) [Xom's
                  | grace]
  4970 | D:5      | Reached skill level 4 in Unarmed Combat
  5029 | D:5      | Mutation became permanent: You have a pair of small horns
                  | on your head. [demonic ancestry]
  5029 | D:5      | Gained mutation: You have a pair of small horns on your
                  | head. [demonic ancestry]
  5029 | D:5      | Reached XP level 8. HP: 39/57 MP: 8/8
  5106 | D:5      | Found Cishriw's Jewellery Shoppe.
  5402 | D:5      | XOM: give mutations
  5402 | D:5      | Gained mutation: You do not regenerate when monsters are
                  | visible. [Xom's mischief]
  5402 | D:5      | Gained mutation: Your system is resistant to poisons.
                  | (rPois) [Xom's mischief]
  5402 | D:5      | Gained mutation: You are agile. (Dex +4, Str/Int -1) [Xom's
                  | mischief]
  5585 | D:6      | Reached skill level 5 in Unarmed Combat
  5670 | D:6      | Noticed a troll
  5694 | D:6      | Killed a troll
  5722 | D:6      | XOM: 1-stop teleportation journey
  5881 | D:6      | Reached skill level 6 in Unarmed Combat
  5895 | D:6      | Reached ** piety under Okawaru
  6035 | D:6      | XOM: enchant monster (bad)
  6241 | Abyss:1  | Cast into level 1 of the Abyss (Xom)
  6404 | Abyss:1  | Noticed a smoke demon
  6422 | Abyss:1  | Killed a smoke demon
  6423 | Abyss:1  | Reached XP level 9. HP: 43/66 MP: 6/9
  6488 | Abyss:1  | Noticed a glowing orange brain
  6494 | Abyss:1  | Reached skill level 7 in Unarmed Combat
  6496 | Abyss:1  | Noticed a bunyip
  6497 | Abyss:1  | Killed a glowing orange brain
  6498 | Abyss:1  | Reached skill level 5 in Fighting
  6498 | Abyss:1  | Reached skill level 5 in Dodging
  6500 | D:6      | Escaped the Abyss
  6724 | D:6      | XOM: give mutations
  6724 | D:6      | Lost mutation: Your flesh is cold resistant. (rC+) [Xom's
                  | mischief]
  6724 | D:6      | Lost mutation: You expend magic power (3 MP) to strengthen
                  | your wands. [Xom's mischief]
  6724 | D:6      | Lost mutation: You are agile. (Dex +4, Str/Int -1) [Xom's
                  | mischief]
  6724 | D:6      | Gained mutation: You are weak. (Str -2) [Xom's mischief]
  6940 | D:7      | HP: 2/68 [poisoned by a killer bee]
  7085 | D:7      | Reached skill level 8 in Unarmed Combat
  7112 | D:7      | XOM: enchant monster (bad)
  7506 | D:7      | XOM: summons 3 hostile demons
  7780 | D:7      | Gained mutation: Your demonic aura sometimes causes spilled
                  | blood to erupt in flames. [demonic ancestry]
  7780 | D:7      | Reached XP level 10. HP: 59/76 MP: 10/10
  7825 | D:7      | Reached *** piety under Okawaru
  8053 | D:8      | Lost mutation: Your system is resistant to poisons. (rPois)
                  | [potion of mutation]
  8053 | D:8      | Lost mutation: You are strong-willed. (Will+) [potion of
                  | mutation]
  8053 | D:8      | Lost mutation: You do not regenerate when monsters are
                  | visible. [potion of mutation]
  8053 | D:8      | Gained mutation: You are agile. (Dex +4, Str/Int -1)
                  | [potion of mutation]
  8053 | D:8      | Lost mutation: You are weak. (Str -2) [potion of mutation]
  8152 | D:8      | Paralysed by a hornet for 2 turns
  8285 | D:8      | Reached skill level 9 in Unarmed Combat
  8450 | D:7      | XOM: cloud trail
  8605 | D:1      | Bought a slimy chain mail for 266 gold pieces
  8605 | D:1      | Identified the +1 chain mail "Goawumem" {Str-5 Int+4
                  | Stlth+} (You bought it in a shop on level 1 of the Dungeon)
  8867 | D:9      | Paralysed by a hornet for 1 turns
  8947 | D:9      | Noticed a rust devil
  8951 | D:9      | Noticed a smoke demon
  8960 | D:9      | Reached **** piety under Okawaru
  9088 | D:9      | Noticed a tengu warrior
  9101 | D:9      | Reached skill level 10 in Unarmed Combat
  9103 | D:9      | XOM: silly message
  9111 | D:9      | Slain by a slime creature

Illustrated notes

Levels and vault maps discovered:
D:1:      dpeg_arrival_shrine, layout_loops_ring, serial_shops,
          nicolae_square_shop, shop, nicolae_shop_advertising_works
          [nicolae_subvault_shop_adworks], minmay_tetromino_o2
D:2:      minmay_spotlight, layout_loops_corners, ebering_ecumenical_altar_hall,
          st_stairs_2, kennysheep_generic_room_15, uniq_sigmund, uniq_jessica
D:3:      layout_basic, minmay_surrounded, uniq_robin
D:4:      layout_cave_pods, makhleb_heckhound_becter, minmay_temple_entry_ruins
D:5:      layout_cave_pods, nicolae_overflow_hidden_temple, serial_shops,
          nicolae_shop_behind_doors
D:6:      layout_rooms
D:7:      layout_loops_cross
D:8:      layout_rooms, lemuel_doored_altar
D:9:      minmay_the_grid_square_5x5_3x3 [minmay_the_grid_square_5x5_plus,
          minmay_the_grid_square_5x5_inner_z,
          minmay_the_grid_square_5x5_hollow_slash,
          minmay_the_grid_square_5x5_six,
          minmay_the_grid_square_5x5_megaprize_checkered,
          minmay_the_grid_square_5x5_one_wall,
          minmay_the_grid_square_5x5_misaligned,
          minmay_the_grid_square_5x5_checkered,
          minmay_the_grid_square_5x5_shrine1], layout_irregular_city,
          grunt_lair_entry_orc_guard_hut, minmay_misc_feat_hallway,
          uniq_prince_ribbit1, uniq_gastronok
Temple:   mainiacjoe_temple_coin_purse

Skill      XL: |  1  2  3  4  5  6  7  8  9 10 |
---------------+-------------------------------+-----
Shapeshifting  | 3 4 5 6 7 |  7.0
Dodging        | 2 4 5 7 |  7.0
Unarmed Combat | 4 6 8 10 | 10.0
Fighting       | 2 4 6 7 |  7.4

Action                     |  1- 3 |  4- 6 |  7- 9 | 10-12 || total
---------------------------+-------+-------+-------+-------++-------
  Melee: Unarmed           |    31 |    12 |   391 |   161 ||   595
         Dagger            |    56 |   143 |     3 |       ||   202
         Punch             |       |     1 |       |       ||     1
         Headbutt          |       |       |    96 |    35 ||   131
  Throw: Stone             |       |     2 |       |       ||     2
 Invoke: Heroism           |       |       |     3 |     2 ||     5
  Evoke: Wand              |       |       |     2 |     7 ||     9
    Use: Scroll            |     4 |     2 |     3 |       ||     9
         Potion            |       |     1 |     4 |     4 ||     9
 Armour: Animal skin       |    29 |       |       |       ||    29
         Scale mail        |    63 |       |       |       ||    63
         Robe              |       |    71 |     6 |       ||    77
         Skin              |       |     9 |   178 |    94 ||   281
  Dodge: Dodged            |    64 |   124 |   270 |   181 ||   639
  Block: Other             |       |     3 |    53 |       ||    56
         Reflection        |       |       |     1 |       ||     1
   Form: Flux              |       |       |     1 |       ||     1

Table legend: (Time is in decaauts)
 A = Elapsed time spent in this place.
 B = Non-inter-level travel time spent in this place.
 C = Inter-level travel time spent in this place.
 D = Time resting spent in this place.
 E = Time spent auto-exploring this place.
 F = Levels seen in this place.
 G = Mean time per level.
                   A        B        C        D        E       F      G
               +--------+--------+--------+--------+--------+-----+--------+
         Total |   9051 |   8481 |    570 |    484 |   6096 |  11 |  822.8 |
       Dungeon |   8776 |   8214 |    562 |    353 |   6071 |   9 |  975.1 |
        Temple |     21 |     13 |      8 |      0 |      0 |   1 |   21.0 |
         Abyss |    253 |    253 |      0 |    131 |     25 |   1 |  253.0 |
               +--------+--------+--------+--------+--------+-----+--------+

Top non-repeatable levels by time:
     D:2: 1393 daAuts
     D:6: 1239 daAuts
     D:4: 1170 daAuts
     D:5: 1154 daAuts
     D:1: 979 daAuts
     D:7: 970 daAuts
     D:3: 958 daAuts
     D:8: 622 daAuts
     D:9: 287 daAuts
 Abyss:1: 253 daAuts
  Temple: 21 daAuts
